 Dungeon Crawl Stone Soup version 0.32-a0-666-ge8a88695a4 (webtiles) character file.

Game seed: 6057149595426276560

5971 dialectric the Nimble (level 10, -2/79 HPs)
             Began as a Coglin Gladiator on Mar 9, 2024.
             Slain by a shadow (7 damage)
             ... on level 9 of the Dungeon.
             The game lasted 00:11:19 (9461 turns).

dialectric the Nimble (Coglin Gladiator)            Turns: 9461, Time: 00:11:20

Health: -2/79      AC: 10    Str: 15    XL:     10   Next: 84%
Magic:  19/19      EV: 16    Int:  8    God:
Gold:   442        SH:  0    Dex: 19    Spells: 9/9 levels left

rFire   . . .        a - +0 trident (drain) {Yadidatum}
rCold   . . .        w - +2 short sword of the Asp {speed, rPois MP+9}
rNeg    . . .        y - +2 leather armour {Will+}
rPois   +            l - +0 helmet
rElec   .            (no cloak)
rCorr   .            (no gloves)
SInv    .            n - +2 pair of boots
Will    +....        (amulet unavailable)
Stlth   +            (ring unavailable)
HPRegen 0.33/turn    (ring unavailable)
MPRegen 0.16/turn    (no gizmo)

%: no passive effects
@: studying Polearms, revved
A: off-hand wielding, slow wielding, warmup strikes, no jewellery
a: Invent Gizmo


You were on level 9 of the Dungeon.
You visited 1 branch of the dungeon, and saw 10 of its levels.

You collected 552 gold pieces.
You spent 110 gold pieces at shops.

Inventory:

Hand Weapons
 a - a +0 trident of draining (weapon) {Yadidatum}
 f - a +0 dagger {MarĂ­a}
 w - the +2 short sword of the Asp (offhand) {speed, rPois MP+9}
   (You found it on level 3 of the Dungeon)

   rPois:     It protects you from poison.
   MP+9:      It affects your magic capacity (+9).
 I - a +2 dagger of distortion
Missiles
 d - a throwing net
 e - a javelin
 t - 6 curare-tipped darts (quivered)
Armour
 b - a +0 leather armour
 c - a +0 helmet
 l - a +0 helmet (worn)
 n - a +2 pair of boots (worn)
 y - a +2 leather armour of willpower (worn)
 A - a +0 cloak
 B - the +1 pair of boots of the Albatross {rF+ rN+}
   (You bought it in a shop on level 7 of the Dungeon)

   rF+:       It protects you from fire.
   rN+:       It protects you from negative energy.
Wands
 k - a wand of polymorph (13)
 q - a wand of flame (36)
 u - a wand of charming (27)
 C - a wand of digging (4)
 G - a wand of mindburst (19)
Scrolls
 g - 6 scrolls of identify
 h - 2 scrolls of silence {unknown}
 i - 3 scrolls of revelation
 j - 3 scrolls of brand weapon
 o - a scroll of poison {unknown}
 p - 5 scrolls of teleportation
 r - 2 scrolls of fog {unknown}
 v - a scroll of torment {unknown}
 x - a scroll of immolation {unknown}
 z - a scroll of noise {unknown}
 F - a scroll of enchant armour
Potions
 m - 3 potions of curing
 s - 3 potions of brilliance
 D - a potion of might {unknown}
 E - a potion of attraction
 H - a potion of haste


   Skills:
 + Level 7.5 Fighting
 + Level 4.5 Short Blades
 + Level 8.0 Polearms
 - Level 4.0 Throwing
 + Level 5.7 Armour
 - Level 8.0 Dodging


You had 9 spell levels left.
You didn't know any spells.
Your spell library contained the following spells:

 Spells                   Type           Power      Damage    Failure   Level
 Kiss of Death            Conj/Necr      0%         2d5       45%         1
 Magic Dart               Conj           0%         1d3       45%         1
 Necrotise                Necr           0%         1d4       45%         1
 Blink                    Tloc           0%         N/A       61%         2
 Call Imp                 Summ           0%         N/A       61%         2
 Confusing Touch          Hex            0%         N/A       83%         3
 Dazzling Flash           Conj/Hex       0%         N/A       83%         3
 Fugue of the Fallen      Necr           0%         N/A       83%         3
 Mephitic Cloud           Conj/Alch/Air  0%         N/A       83%         3
 Ozocubu's Armour         Ice            0%         N/A       83%         3
 Vampiric Draining        Necr           0%         2d6       83%         3
 Dispel Undead            Necr           0%         3d6       99%         4
 Manifold Assault         Tloc           0%         N/A       99%         4
 Martyr's Knell           Necr/Summ      0%         N/A       99%         4
 Curse of Agony           Necr           0%         N/A       100%        5
 Silence                  Hex/Air        0%         N/A       100%        5


Dungeon Overview and Level Annotations

Branches:
Dungeon (10/15)            Temple (0/1) D:7
   Lair: D:8-11         Orc: D:9-12

Altars:
Ashenzari
Dithmenos
Makhleb
Nemelex Xobeh
Okawaru
Trog
Vehumet
Wu Jian
Yredelemnul
The Shining One

Shops:
D:4 (   D:7 *

Annotations:
D:10 Erica


Innate Abilities, Weirdness & Mutations

You can wield a second weapon in your off-hand.
It takes a long time for you to wield or remove held weapons.
Your first few attacks do less damage.
You cannot equip rings or amulets.


Message History

You hit the orc with the +2 short sword of the Asp.
The orc is severely wounded.
You hit the orc with your +0 trident of draining.
You kill the orc!
The vampire casts a spell.
The vampire flickers and vanishes!
Deactivating autopickup; reactivate with Ctrl-A.
There is a stone staircase leading up here.
The shadow strikes at you from the darkness!
* * * LOW HITPOINT WARNING * * *
Reactivating autopickup.
The shadow hits you.
* * * LOW HITPOINT WARNING * * *
You climb upwards.
There is a stone staircase leading down here.
Unknown command.
Unknown command.
You hit the shadow but do no damage. x2
You hit the shadow with your +0 trident of draining.
The shadow is moderately damaged.
You hit the shadow but do no damage. The shadow hits you!
* * * LOW HITPOINT WARNING * * *
You puncture the shadow with your +0 trident of draining!
The shadow is heavily damaged.
You hit the shadow but do no damage. The shadow hits you.
Unknown command.
You hit the shadow but do no damage.
The shadow is heavily damaged.
You hit the shadow with your +0 trident of draining.
You hit the shadow but do no damage.
The shadow is severely damaged.
You hit the shadow but do no damage.
The shadow slips into darkness.
The shadow flickers and vanishes!
Deactivating autopickup; reactivate with Ctrl-A.
Unknown command.
You hit something but do no damage.
You miss something with your +0 trident of draining.
The shadow strikes at you from the darkness!
You die...

###.# ##.....##
#.###.##.# #.#
##...## #.# #.##.#
#.# ##+## #.###.##.#
#.# #.# #......).#
#.#######.##
#####.####
#..........# #.#
###.###....## #.#
#.# #.....# #.# #.#
#..@.#########.#
#.###..{...........#
#.[....[.###########
#######)## #[# #.#
#.# #.# ##.#####
#########


There were no monsters in sight!

Vanquished Creatures
  Sonja (D:10)
  An unseen horror zombie (D:10)
  2 trolls (D:10)
  2 wyverns
  4 yaks
  3 steam dragons
  2 vampire mosquitoes (D:7)
  Duvessa (D:6)
  A water moccasin (D:5)
  6 orc warriors
  2 ice beasts
  A sky beast (D:6)
  An ogre (D:5)
  3 centaurs
  A phantom (D:5)
  A kobold brigand (D:9)
  4 scorpions
  Dowan (D:6)
  3 killer bees (D:7)
  4 howler monkeys
  A bombardier beetle (D:5)
  2 jellies
  4 orc priests
  A gnoll bouda (D:4)
  4 hounds
  Crazy Yiuf (D:4)
  A human skeleton (D:8)
  3 iguanas
  Ijyb (D:4)
  Natasha (twice) (D:2)
  14 orc wizards
  A sleepcap (D:6)
  A hound skeleton (D:8)
  3 gnolls
  6 adders
  A shadow imp (D:7)
  A white imp (D:6)
  A dart slug (D:1)
  A ribbon worm (D:3)
  34 orcs
  5 endoplasms
  2 giant cockroaches (D:4)
  6 goblins
  5 hobgoblins
  9 kobolds
  3 quokkas
  3 ball pythons
  A bat (D:3)
  4 frilled lizards
  6 rats
171 creatures vanquished.

Vanquished Creatures (others)
  An orc wizard (D:6)
1 creature vanquished.

Grand Total: 172 creatures vanquished

Notes
Turn   | Place    | Note
-------+----------+-------------------------------------------
     0 | D:1      | dialectric the Coglin Gladiator began the quest for the
                  | Orb.
     0 | D:1      | Reached XP level 1. HP: 16/16 MP: 1/1
    18 | D:1      | Found a faded altar of an unknown god.
   182 | D:1      | Reached XP level 2. HP: 22/22 MP: 2/2
   856 | D:2      | Reached XP level 3. HP: 28/28 MP: 3/3
  1081 | D:2      | Noticed Natasha
  1087 | D:2      | Killed Natasha
  1088 | D:2      | Reached XP level 4. HP: 31/34 MP: 4/4
  1118 | D:2      | Found a basalt altar of Yredelemnul.
  1120 | D:2      | Noticed a scorpion
  1131 | D:2      | Killed a scorpion
  1132 | D:2      | Reached XP level 5. HP: 13/41 MP: 5/5
  1456 | D:2      | Noticed Natasha
  1460 | D:2      | Killed Natasha
  2382 | D:3      | Identified the +2 short sword of the Asp {speed, rPois
                  | MP+9}
  2637 | D:4      | Found Yvewys's Antique Weapon Boutique.
  2783 | D:4      | Noticed Ijyb
  2801 | D:4      | Killed Ijyb
  2823 | D:3      | Reached XP level 6. HP: 34/47 MP: 6/6
  3216 | D:4      | Found a runed translucent door.
  3217 | D:4      | Noticed Crazy Yiuf
  3226 | D:4      | Killed Crazy Yiuf
  3288 | D:5      | Entered Level 5 of the Dungeon
  3518 | D:5      | Reached XP level 7. HP: 37/53 MP: 7/7
  3629 | D:5      | Reached skill level 1 in Armour
  4023 | D:5      | Reached skill level 5 in Dodging
  4023 | D:5      | Reached XP level 8. HP: 61/61 MP: 8/8
  4436 | D:6      | Noticed Dowan
  4437 | D:6      | Noticed Duvessa
  4471 | D:6      | Killed Duvessa
  4475 | D:6      | Killed Dowan
  4997 | D:6      | Reached skill level 5 in Fighting
  4997 | D:6      | Reached skill level 5 in Polearms
  5900 | D:6      | Found a sparkling altar of Nemelex Xobeh.
  6049 | D:7      | Reached XP level 9. HP: 51/68 MP: 9/9
  6183 | D:7      | Reached skill level 1 in Short Blades
  6816 | D:7      | Found Leph's CLEARANCE SALE!.
  6823 | D:7      | Bought the +1 pair of boots of the Albatross {rF+ rN+} for
                  | 110 gold pieces
  6832 | D:7      | Found a staircase to the Ecumenical Temple.
  7102 | D:7      | Found a glowing golden altar of the Shining One.
  7200 | D:7      | Found a shadowy altar of Dithmenos.
  7301 | D:8      | Found a bloodstained altar of Trog.
  7303 | D:8      | Found an iron altar of Okawaru.
  7304 | D:8      | Found an ornate altar of the Wu Jian Council.
  7576 | D:8      | Found a burning altar of Makhleb.
  7802 | D:8      | Reached XP level 10. HP: 74/77 MP: 10/10
  8081 | D:9      | Found a broken altar of Ashenzari.
  8466 | D:9      | Reached skill level 5 in Armour
  8972 | D:9      | Found a radiant altar of Vehumet.
  9138 | D:10     | Entered Level 10 of the Dungeon
  9138 | D:10     | Noticed Erica
  9186 | D:10     | Noticed Sonja
  9191 | D:10     | Killed Sonja
  9461 | D:9      | Slain by a shadow

Illustrated notes

Levels and vault maps discovered:
D:1:      tarquinn_simple_flora_water_a, layout_loops_cross,
          shapermc_ecumenical_altar_gd, grunt_decor_mini_mirrors,
          nicolae_concentric_dashed_squares_wild, chequers_hall_statues_corner_a
D:2:      layout_basic, basic_altar, uniq_natasha
D:3:      layout_basic, kennysheep_generic_room_4
D:4:      layout_loops_ring, serial_shops, shop, palyth_stone_intersect,
          uniq_ijyb, uniq_crazy_yiuf_cottage
D:5:      layout_loops_ring
D:6:      layout_layer_cave, nemelex_spade_bored_becter, uniq_duvessa
D:7:      layout_loops_ring, mainiacjoe_overflow_alcove_4,
          lemuel_coloured_pillars_altar, temple_green, nicolae_shop_clearance
D:8:      layout_basic, makhleb_blood_cavern_becter,
          gammafunk_temple_overflow_claw
D:9:      minmay_angry_zag, layout_loops_corners, nicolae_ashenzari_skybound,
          vehumet_altar_wand_db, roderic_st_hans_cross
D:10:     layout_loops_cross, grunt_temple_overflow_growth_and_decay,
          lair_entry_dummy, serial_undead, serial_undead_c, serial_undead_e,
          serial_undead_b, serial_undead_d, nicolae_shop_unique_rings,
          uniq_erica, uniq_sonja

Skill      XL: |  1  2  3  4  5  6  7  8  9 10 |
---------------+-------------------------------+-----
Throwing       | 2 3 4 |  4.0
Dodging        | 3 4 5 6 7 8 |  8.0
Polearms       | 3 4 5 6 8 |  8.0
Fighting       | 3 4 5 6 7 |  7.5
Armour         | 1 3 4 5 |  5.7
Short Blades   | 3 4 |  4.5

Action                     |  1- 3 |  4- 6 |  7- 9 | 10-12 || total
---------------------------+-------+-------+-------+-------++-------
  Melee: Trident           |    57 |   111 |   312 |   201 ||   681
         Dagger            |    42 |    23 |       |       ||    65
         Short sword       |       |    62 |   282 |   184 ||   528
  Throw: Dart              |       |     3 |     5 |     4 ||    12
         Throwing net      |       |       |     1 |     1 ||     2
  Evoke: Wand              |       |       |     1 |       ||     1
    Use: Potion            |       |       |     4 |     1 ||     5
         Scroll            |       |       |     4 |     5 ||     9
   Stab: Sleeping          |     3 |     5 |     4 |       ||    12
         Invisible         |       |       |     2 |       ||     2
         Distracted        |       |       |     1 |       ||     1
         Held in net/web   |       |       |       |     6 ||     6
 Armour: Leather armour    |    36 |    38 |   171 |   106 ||   351
         Skin              |       |       |    35 |       ||    35
  Dodge: Dodged            |    15 |    51 |   173 |   107 ||   346

Table legend: (Time is in decaauts)
 A = Elapsed time spent in this place.
 B = Non-inter-level travel time spent in this place.
 C = Inter-level travel time spent in this place.
 D = Time resting spent in this place.
 E = Time spent auto-exploring this place.
 F = Levels seen in this place.
 G = Mean time per level.
                   A        B        C        D        E       F      G
               +--------+--------+--------+--------+--------+-----+--------+
         Total |   9354 |   9110 |    244 |   1049 |   6424 |  10 |  935.4 |
       Dungeon |   9354 |   9110 |    244 |   1049 |   6424 |  10 |  935.4 |
               +--------+--------+--------+--------+--------+-----+--------+

Top non-repeatable levels by time:
     D:6: 2169 daAuts
     D:9: 1233 daAuts
     D:3: 956 daAuts
     D:7: 892 daAuts
     D:2: 862 daAuts
     D:4: 800 daAuts
     D:5: 780 daAuts
     D:1: 735 daAuts
     D:8: 647 daAuts
    D:10: 277 daAuts
